 Dungeon Crawl Stone Soup version 0.17-a0-1691-g18a3847 (webtiles) character file.

210 MikeDS the Ruffian (level 5, -1/53 HPs)
             Began as a Troll Monk on Aug 20, 2015.
             Was a Believer of Kikubaaqudgha.
             Slain by Sigmund
             ... wielding a +1 scythe of venom
              (11 damage)
             ... on level 3 of the Dungeon.
             The game lasted 00:14:39 (2648 turns).

MikeDS the Ruffian (Troll Monk)                     Turns: 2648, Time: 00:14:40

Health: -1/53      AC:  5    Str: 19    XL:     5   Next: 56%
Magic:  4/4        EV: 16    Int:  6    God:    Kikubaaqudgha [**....]
Gold:   85         SH:  0    Dex: 18    Spells: 1 memorised, 3 levels left

rFire  . . .     SeeInvis .       - Unarmed
rCold  . . .     Clarity  .     a - +0 robe
rNeg   . . .     SustAt   .     (no shield)
rPois  .         Gourm    +     (helmet restricted)
rElec  .         Spirit   .     (no cloak)
rCorr  .         Warding  .     (gloves unavailable)
rMut   .         Stasis   .     (boots unavailable)
MR     .....                    (no amulet)
Stlth  +++.......               (no ring)
                                (no ring)

@: agile, lethally poisoned (-1 -> -2), drained, not resistant to hostile
enchantments, fairly stealthy
A: unfitting armour, claws 3, fast metabolism 3, gourmand, regeneration 2,
shaggy fur 1, tough skin 2
a: Receive Corpses, Renounce Religion


You were on level 3 of the Dungeon.
You worshipped Kikubaaqudgha.
Kikubaaqudgha was pleased with you.
You were not hungry.

You visited 1 branch of the dungeon, and saw 3 of its levels.

You collected 85 gold pieces.

Inventory:

Hand weapons
 g - a +0 dagger
 t - a cursed -1 short sword
 B - a +2 short sword of venom
 C - a +0 hunting sling
 D - a +2 short sword of speed
Missiles
 c - 4 tomahawks
 d - 154 stones
 w - 2 tomahawks of returning (quivered)
 A - 17 sling bullets
Armour
 a - a +0 robe (worn)
Jewellery
 e - an uncursed ring of stealth {unknown}
 u - a +4 ring of dexterity {unknown}
Scrolls
 k - a scroll of random uselessness
 m - 3 scrolls of remove curse
 n - a scroll of enchant weapon {unknown}
 p - 3 scrolls of identify
 s - a scroll of teleportation {unknown}
 z - a scroll of immolation {unknown}
Potions
 h - a potion of might
 j - 2 potions of agility
 o - a potion of heal wounds {unknown}
 q - a potion of degeneration {unknown}
 r - a potion of flight {unknown}
 v - a potion of mutation {unknown}
 x - a potion of lignification {unknown}
Books
 y - Kikubaaqudgha's Tome of Sinister Arts
   (Kikubaaqudgha gifted it to you on level 3 of the Dungeon)

   Spells                             Type                      Level
   a - Pain                           Necromancy                   1
   b - Corpse Rot                     Necromancy                   2
   c - Sublimation of Blood           Necromancy                   2
   d - Regeneration                   Charms/Necromancy            3
   e - Control Undead                 Necromancy                   4
Comestibles
 b - 2 bread rations
 i - a slice of pizza
 E - a chunk of flesh


   Skills:
 + Level 3.2(3.1) Fighting
 + Level 2.2(2.1) Throwing
 + Level 3.1(3.0) Dodging
 - Level 1.1(1.0) Stealth
 + Level 4.8(4.7) Unarmed Combat
 + Level 0.4(0.3) Spellcasting
 + Level 0.8(0.7) Necromancy


You had 3 spell levels left.
You knew the following spells:

 Your Spells              Type           Power        Failure   Level  Hunger
a - Pain                  Necr           #...         38%         1    ##.....


Dungeon Overview and Level Annotations

Branches:
Dungeon (3/15)

Altars:
Ashenzari
Kikubaaqudgha
Yredelemnul

Annotations:
D:3 Sigmund


Innate Abilities, Weirdness & Mutations

You are too large for most types of armour.
You have claws for hands.
Your metabolism is lightning-fast.
You like to eat raw meat.
You heal very quickly.
You are covered in fur (AC +1).
You have very tough skin (AC +2).


Message History

It was a scroll of random uselessness.
Something closely misses you.
Read which item? (? for menu, Esc to quit)
As you read the scroll labeled FOSUZX TOBELIO, it crumbles to dust.
You feel blessed for a moment.
It was a scroll of remove curse.
Something hits you.
* * * LOW HITPOINT WARNING * * *
You are poisoned.
Read which item? (? for menu, Esc to quit)
As you read the scroll labeled ZOOLLI BEORIY, it crumbles to dust.
It is a scroll of identify.
Identify which item? (\ to view known items) (? for menu, Esc to quit)
h - a potion of might You feel sick.
Something completely misses you.
Read which item? (? for menu, Esc to quit)
As you read the scroll labeled ETARYFFEOR, it crumbles to dust.
It is a scroll of recharging.
You aren't carrying any rechargeable items.
You feel sick. Something hits you!
You die...
Kikubaaqudgha rasps: "You have failed me!
Welcome... death!"

#..†..@.......#.#
>.....########.##.#.#
..... #.##.#.# ....
#.##.#.# ### ..@
#.##.#.##########.. ..
###)##.#.##.. ....... .
#...##.#.##.####.#### ...
#.####.#.##.##.....## ...
#.#.@..#.##.#.......# #.#
#.#.####.##.#.......# #.#
#.#{# #........_.... #.#
#{#.#######.#.......#
#.###.#......)#.#...).).#
#.#...#######.#.##.....##
#<#.#########.#.####.####
#.#...........#..........
#.#############.###......


There were no monsters in sight!

Vanquished Creatures
  2 orc priests (D:3)
  4 adders
  3 gnolls (D:2)
  An ooze (D:3)
  2 worms (D:3)
  6 orcs (D:3)
  3 bats
  3 giant cockroaches
  3 goblins
  8 hobgoblins
  A quokka (D:2)
  4 giant geckos
  5 giant newts
  9 kobolds
  10 rats
64 creatures vanquished.

Notes
Turn   | Place    | Note
--------------------------------------------------------------
     0 | D:1      | MikeDS the Troll Monk began the quest for the Orb.
     0 | D:1      | Reached XP level 1. HP: 22/22 MP: 0/0
   207 | D:1      | Reached XP level 2. HP: 29/29 MP: 1/1
   217 | D:1      | Found a shattered altar of Ashenzari.
   914 | D:2      | Reached XP level 3. HP: 33/36 MP: 2/2
  1026 | D:2      | Reached skill level 1 in Throwing
  1063 | D:2      | Reached XP level 4. HP: 41/44 MP: 3/3
  1904 | D:3      | Found an ancient bone altar of Kikubaaqudgha.
  1908 | D:3      | Became a worshipper of Kikubaaqudgha
  1908 | D:3      | Acquired Kikubaaqudgha's first power
  1908 | D:3      | Received a gift from Kikubaaqudgha
  1908 | D:3      | Acquired Kikubaaqudgha's second power
  1909 | D:3      | Identified Kikubaaqudgha's Tome of Sinister Arts (Kikubaaqudgha gifted it to you on level 3 of the Dungeon)
  1912 | D:3      | Learned a level 1 spell: Pain
  1944 | D:3      | Found a basalt altar of Yredelemnul.
  2184 | D:3      | Reached XP level 5. HP: 20/53 MP: 4/4
  2575 | D:3      | Noticed Sigmund
  2648 | D:3      | Slain by Sigmund

Vault maps used:
D:1:      lemuel_arrival_hallway, nicolae_ashenzari_panopticon
D:3:      overflow_temple_1_default, old_standard_altar,
          cheibriados_altar_wand_db, first_bread, kennysheep_generic_room_5,
          uniq_jessica, uniq_sigmund, uniq_natasha

Action                   |  1- 3 |  4- 6 || total
-------------------------+-------+-------++-------
Melee: Unarmed           |    65 |    96 ||   161
Throw: Stone             |     4 |       ||     4
  Use: Scroll            |       |     4 ||     4
       Potion            |       |     2 ||     2
 Stab: Sleeping          |     3 |     2 ||     5
       Distracted        |     2 |       ||     2
  Eat: Chunk             |     8 |    17 ||    25
